TOP OF THE 1ST |
El Dorado Oilers batting - Pitching for New Orleans Looters : LHP Holden Clark
|
Pitching: LHP Holden Clark
|
|
Batting: RHB Nick Webb
|
0-0: Ball 1-0: Called Strike 1-1: Called Strike 1-2: SINGLE (Groundball, 34D)
|
Batting: RHB José Carlos Caraballo
|
0-0: Ball Pickoff Throw to First - Out! 1-0: DOUBLE (Groundball, 5L)
|
Batting: RHB Ernesto Acosta
|
0-0: Ball 1-0: Called Strike 1-1: Reached on error, E5 (Groundball, 5) José Carlos Caraballo to third
|
Batting: LHB José Hernández
|
0-0: Foul Ball, location: 2F 0-1: Fly out, F7 (Flyball, 78S) Runner from 3rd tags up, SCORES, no throw
|
Batting: SHB Theron Harper
|
0-0: Called Strike 0-1: Foul Ball, location: 2F 0-2: Ball 1-2: 2-RUN HOME RUN (Flyball, 9LD), Distance : 355 ft
|
Batting: RHB Vicente Carona
|
0-0: Called Strike 0-1: Foul Ball, location: 2F 0-2: Ball 1-2: Ball 2-2: Strikes out swinging
|
Top of the 1st over - 3 runs, 3 hits, 1 error, 0 left on base; El Dorado 3 - New Orleans 0 |
BOTTOM OF THE 1ST |
New Orleans Looters batting - Pitching for El Dorado Oilers : RHP Flávio De Brito
|
Pitching: RHP Flávio De Brito
|
|
Batting: LHB Miguel Colón
|
0-0: Fly out, F7 (Line Drive, 7)
|
Batting: RHB Dave O'Loan
|
0-0: Called Strike 0-1: Fly out, F6 (Popup, 6S)
|
Batting: SHB Arturo Sánchez
|
0-0: Fly out, F6 (Popup, 6)
|
Bottom of the 1st over - 0 runs, 0 hits, 0 errors, 0 left on base; El Dorado 3 - New Orleans 0 |
TOP OF THE 2ND |
El Dorado Oilers batting - Pitching for New Orleans Looters : LHP Holden Clark
|
Batting: RHB Bob Johnson
|
0-0: Fly out, F7 (Flyball, 7S)
|
Batting: LHB Ashley Pickhills
|
0-0: Ball 1-0: DOUBLE (Line Drive, 9D)
|
Batting: LHB Mathew Clayton
|
0-0: Ball 1-0: Foul Ball, location: 2F 1-1: Foul Ball, location: 2F 1-2: Ball 2-2: SINGLE (Groundball, 6D) Ashley Pickhills to third Runner from 3rd tries for Home, throw and OUT!
|
Batting: RHB Nick Webb
|
0-0: Ball 1-0: Ball 2-0: SINGLE (Groundball, 4MD) Mathew Clayton to second Runner from 2nd tries for 3rd, SAFE, no throw
|
Batting: RHB José Carlos Caraballo
|
0-0: Ball 1-0: Foul Ball, location: 2F 1-1: Ball 2-1: Fly out, F8 (Flyball, 89M)
|
Top of the 2nd over - 0 runs, 3 hits, 0 errors, 2 left on base; El Dorado 3 - New Orleans 0 |
BOTTOM OF THE 2ND |
New Orleans Looters batting - Pitching for El Dorado Oilers : RHP Flávio De Brito
|
Batting: LHB Taylor Smith
|
0-0: Called Strike 0-1: Ball 1-1: Called Strike 1-2: Ball 2-2: Ball 3-2: Strikes out swinging
|
Batting: SHB Oliver Deleón
|
0-0: Ball 1-0: Ground out 6-3 (Groundball, 6)
|
Batting: RHB Ramón Hernández
|
0-0: Ball 1-0: Foul Ball, location: 2F 1-1: Ground out 5-3 (Groundball, 56)
|
Bottom of the 2nd over - 0 runs, 0 hits, 0 errors, 0 left on base; El Dorado 3 - New Orleans 0 |
TOP OF THE 3RD |
El Dorado Oilers batting - Pitching for New Orleans Looters : LHP Holden Clark
|
Batting: RHB Ernesto Acosta
|
0-0: SINGLE (Groundball, 56S) (infield hit)
|
Batting: LHB José Hernández
|
0-0: Ball 1-0: Foul Ball, location: 2F 1-1: Foul Ball, location: 2F 1-2: Foul Ball, location: 2F 1-2: Ball 2-2: Foul Ball, location: 2F 2-2: Ball 3-2: Foul Ball, location: 2F 3-2: Foul Ball, location: 2F 3-2: Fly out, F4 (Line Drive, 4)
|
Batting: SHB Theron Harper
|
0-0: Called Strike 0-1: Foul Ball, location: 2F 0-2: Ball 1-2: Fielders Choice at 2nd, 5-4 (Groundball, 5)
|
Batting: RHB Vicente Carona
|
0-0: Ball Theron Harper steals 2nd base 1-0: Swinging Strike 1-1: Ball 2-1: Ground out 3-1 (Groundball, 34S)
|
Top of the 3rd over - 0 runs, 1 hit, 0 errors, 1 left on base; El Dorado 3 - New Orleans 0 |
BOTTOM OF THE 3RD |
New Orleans Looters batting - Pitching for El Dorado Oilers : RHP Flávio De Brito
|
Batting: LHB Eduardo Rodríguez
|
0-0: Swinging Strike 0-1: Foul Ball, location: 2F 0-2: Foul Ball, location: 2F 0-2: SINGLE (Groundball, 56D)
|
Batting: LHB John Hudson
|
0-0: Called Strike 0-1: Ball 1-1: Swinging Strike 1-2: Strikes out looking
|
Batting: RHB Run-ming Zhu
|
0-0: Called Strike 0-1: Called Strike 0-2: Ball 1-2: Strikes out looking
|
Batting: LHB Miguel Colón
|
0-0: Called Strike 0-1: Ball 1-1: Fielders Choice at 2nd, 6-4 (Groundball, 6)
|
Bottom of the 3rd over - 0 runs, 1 hit, 0 errors, 1 left on base; El Dorado 3 - New Orleans 0 |
TOP OF THE 4TH |
El Dorado Oilers batting - Pitching for New Orleans Looters : LHP Holden Clark
|
Batting: RHB Bob Johnson
|
0-0: Ball 1-0: Called Strike 1-1: Ground out 1-3 (Groundball, 13S)
|
Batting: LHB Ashley Pickhills
|
0-0: Swinging Strike 0-1: Ball 1-1: Ball 2-1: Foul Ball, location: 2F 2-2: Strikes out swinging
|
Batting: LHB Mathew Clayton
|
0-0: DOUBLE (Flyball, 8LXD)
|
Batting: RHB Nick Webb
|
0-0: Ground out 5-3 (Groundball, 5)
|
Top of the 4th over - 0 runs, 1 hit, 0 errors, 1 left on base; El Dorado 3 - New Orleans 0 |
BOTTOM OF THE 4TH |
New Orleans Looters batting - Pitching for El Dorado Oilers : RHP Flávio De Brito
|
Batting: RHB Dave O'Loan
|
0-0: Ball 1-0: Swinging Strike 1-1: Ball 2-1: Ball 3-1: Ground out 4-3 (Groundball, 4)
|
Batting: SHB Arturo Sánchez
|
0-0: Ball 1-0: Foul Ball, location: 2F 1-1: Ground out 5-3 (Groundball, 5L)
|
Batting: LHB Taylor Smith
|
0-0: Called Strike 0-1: Swinging Strike 0-2: Foul Ball, location: 2F 0-2: Ball 1-2: Foul Ball, location: 2F 1-2: Ball 2-2: Ball 3-2: Foul Ball, location: 2F 3-2: Fly out, F8 (Line Drive, 8LM)
|
Bottom of the 4th over - 0 runs, 0 hits, 0 errors, 0 left on base; El Dorado 3 - New Orleans 0 |
TOP OF THE 5TH |
El Dorado Oilers batting - Pitching for New Orleans Looters : LHP Holden Clark
|
Batting: RHB José Carlos Caraballo
|
0-0: Ball 1-0: Swinging Strike 1-1: Called Strike 1-2: Fly out, F4 (Line Drive, 4)
|
Batting: RHB Ernesto Acosta
|
0-0: SINGLE (Popup, 4MD)
|
Batting: LHB José Hernández
|
0-0: Ball 1-0: Foul Ball, location: 2F 1-1: Ball 2-1: Ball 3-1: Grounds into double play, 4-6-3 (Groundball, 4)
|
Top of the 5th over - 0 runs, 1 hit, 0 errors, 0 left on base; El Dorado 3 - New Orleans 0 |
BOTTOM OF THE 5TH |
New Orleans Looters batting - Pitching for El Dorado Oilers : RHP Flávio De Brito
|
Batting: SHB Oliver Deleón
|
0-0: Foul Ball, location: 2F 0-1: Called Strike 0-2: Ball 1-2: Fly out, F4 (Popup, 4S)
|
Batting: RHB Ramón Hernández
|
0-0: Foul Ball, location: 2F 0-1: Foul Ball, location: 2F 0-2: Ball 1-2: Ground out 5-3 (Groundball, 56)
|
Batting: LHB Eduardo Rodríguez
|
0-0: Swinging Strike 0-1: Ball 1-1: SINGLE (Groundball, 56D)
|
Batting: LHB John Hudson
|
0-0: Ball Eduardo Rodríguez steals 2nd base 1-0: Called Strike 1-1: 2-RUN HOME RUN (Flyball, 9LD), Distance : 335 ft
|
Batting: RHB Run-ming Zhu
|
0-0: Ball 1-0: Fly out, F6 (Popup, 6)
|
Bottom of the 5th over - 2 runs, 2 hits, 0 errors, 0 left on base; El Dorado 3 - New Orleans 2 |
TOP OF THE 6TH |
El Dorado Oilers batting - Pitching for New Orleans Looters : LHP Holden Clark
|
Batting: SHB Theron Harper
|
0-0: Called Strike 0-1: Swinging Strike 0-2: Ball 1-2: Strikes out swinging
|
Batting: RHB Vicente Carona
|
0-0: Ball 1-0: Called Strike 1-1: Ball 2-1: Swinging Strike 2-2: Foul Ball, location: 2F 2-2: Ball 3-2: Base on Balls
|
Pitching: RHP Anthony O'Connor
|
|
Batting: RHB Bob Johnson
|
0-0: Foul Ball, location: 2F 0-1: Foul Ball, location: 2F 0-2: Ball 1-2: Strikes out swinging
|
Batting: LHB Ashley Pickhills
|
0-0: SINGLE (Groundball, 6MD) Vicente Carona to second
|
Batting: LHB Mathew Clayton
|
0-0: Fly out, F6 (Popup, 6MS)
|
Top of the 6th over - 0 runs, 1 hit, 0 errors, 2 left on base; El Dorado 3 - New Orleans 2 |
BOTTOM OF THE 6TH |
New Orleans Looters batting - Pitching for El Dorado Oilers : RHP Flávio De Brito
|
Batting: LHB Miguel Colón
|
0-0: Swinging Strike 0-1: Foul Ball, location: 2F 0-2: Foul Ball, location: 2F 0-2: Ball 1-2: Ball 2-2: Fly out, F7 (Flyball, 7)
|
Batting: RHB Dave O'Loan
|
0-0: Ball 1-0: Ball 2-0: Ground out U3 (Groundball, 3)
|
Batting: SHB Arturo Sánchez
|
0-0: Ball 1-0: Swinging Strike 1-1: Ball 2-1: Ball 3-1: SINGLE (Groundball, 34D)
|
Batting: LHB Taylor Smith
|
0-0: Foul Ball, location: 2F 0-1: Ball Arturo Sánchez steals 2nd base 1-1: Called Strike 1-2: Foul Ball, location: 2F 1-2: Strikes out looking
|
Bottom of the 6th over - 0 runs, 1 hit, 0 errors, 1 left on base; El Dorado 3 - New Orleans 2 |
TOP OF THE 7TH |
El Dorado Oilers batting - Pitching for New Orleans Looters : RHP Anthony O'Connor
|
Batting: RHB Nick Webb
|
0-0: Ball 1-0: Ball 2-0: Ball 3-0: Base on Balls
|
Batting: RHB José Carlos Caraballo
|
0-0: Ball 1-0: Ball 2-0: SINGLE (Groundball, 34D) Nick Webb to second Runner from 2nd tries for 3rd, SAFE, no throw
|
Batting: RHB Ernesto Acosta
|
0-0: Ball 1-0: Foul Ball, location: 2F 1-1: Foul Ball, location: 2F 1-2: Fly out, F6 (Line Drive, 6S) Lined into DP, 6-3 (Line Drive, 6S)
|
Batting: LHB José Hernández
|
0-0: Called Strike 0-1: Ball 1-1: Called Strike 1-2: Strikes out looking
|
Top of the 7th over - 0 runs, 1 hit, 0 errors, 1 left on base; El Dorado 3 - New Orleans 2 |
BOTTOM OF THE 7TH |
New Orleans Looters batting - Pitching for El Dorado Oilers : RHP Flávio De Brito
|
Batting: SHB Oliver Deleón
|
0-0: Swinging Strike 0-1: Ball 1-1: Ball 2-1: Ground out 5-3 (Groundball, 5)
|
Batting: RHB Ramón Hernández
|
0-0: Foul Ball, location: 2F 0-1: Called Strike 0-2: Strikes out swinging
|
Batting: LHB Eduardo Rodríguez
|
0-0: Ball 1-0: Fly out, F5 (Popup, 6S)
|
Bottom of the 7th over - 0 runs, 0 hits, 0 errors, 0 left on base; El Dorado 3 - New Orleans 2 |
TOP OF THE 8TH |
El Dorado Oilers batting - Pitching for New Orleans Looters : RHP Anthony O'Connor
|
Batting: SHB Theron Harper
|
0-0: Called Strike 0-1: Ball 1-1: Foul Ball, location: 2F 1-2: Ball 2-2: Ball 3-2: Ground out 1-3 (Groundball, 15)
|
Batting: RHB Vicente Carona
|
0-0: Called Strike 0-1: Ball 1-1: Ball 2-1: Called Strike 2-2: Foul Ball, location: 2F 2-2: Foul Ball, location: 2F 2-2: Ball 3-2: Foul Ball, location: 2F 3-2: SINGLE (Groundball, 56D)
|
Pinch Hitting: LHB Chris Miller
|
0-0: Grounds into double play, 6-4-3 (Groundball, 6)
|
Top of the 8th over - 0 runs, 1 hit, 0 errors, 0 left on base; El Dorado 3 - New Orleans 2 |
BOTTOM OF THE 8TH |
New Orleans Looters batting - Pitching for El Dorado Oilers : RHP Flávio De Brito
|
Now at 1B: José Montoya
|
|
Batting: LHB John Hudson
|
0-0: SINGLE (Line Drive, 8RS)
|
Pinch Runner at 1st Mario Álvarez:
|
|
Batting: RHB Run-ming Zhu
|
0-0: Ball 1-0: Ball 2-0: Bunt - Flyout! F1
|
Batting: LHB Miguel Colón
|
0-0: Foul Ball, location: 2F 0-1: Hit by Pitch Mario Álvarez to second
|
Batting: RHB Dave O'Loan
|
0-0: Called Strike 0-1: Called Strike 0-2: Ball 1-2: Ground out 5-3 (Groundball, 56) Mario Álvarez to third Miguel Colón to second
|
Batting: SHB Arturo Sánchez
|
0-0: Ball 1-0: Ball 2-0: Fly out, F5 (Popup, 6S)
|
Bottom of the 8th over - 0 runs, 1 hit, 0 errors, 2 left on base; El Dorado 3 - New Orleans 2 |
TOP OF THE 9TH |
El Dorado Oilers batting - Pitching for New Orleans Looters : RHP Anthony O'Connor
|
Now at 2B: Mario Álvarez
|
|
Batting: LHB Ashley Pickhills
|
0-0: Ball 1-0: Foul Ball, location: 2F 1-1: Fly out, F8 (Flyball, 8RS)
|
Batting: LHB Mathew Clayton
|
0-0: Called Strike 0-1: Ball 1-1: Foul Ball, location: 2F 1-2: Foul Ball, location: 2F 1-2: Foul Ball, location: 2F 1-2: Strikes out swinging
|
Batting: RHB Nick Webb
|
0-0: Called Strike 0-1: Ground out 4-3 (Groundball, 4)
|
Top of the 9th over - 0 runs, 0 hits, 0 errors, 0 left on base; El Dorado 3 - New Orleans 2 |
BOTTOM OF THE 9TH |
New Orleans Looters batting - Pitching for El Dorado Oilers : RHP Flávio De Brito
|
Pitching: RHP Kuang-yin Yue
|
|
Batting: LHB Taylor Smith
|
0-0: Ground out 4-3 (Groundball, 34)
|
Batting: SHB Oliver Deleón
|
0-0: Fly out, F8 (Flyball, 8LXD)
|
Batting: RHB Ramón Hernández
|
0-0: DOUBLE (Line Drive, 78XD)
|
Batting: LHB Eduardo Rodríguez
|
0-0: Ball 1-0: Fly out, F8 (Flyball, 8LXD)
|
Bottom of the 9th over - 0 runs, 1 hit, 0 errors, 1 left on base; El Dorado 3 - New Orleans 2 |
|